AoeStats
← CASAMITO, O GRANDE

Nomad

507977753Analyzed
3v3 RM · 13d ago on Sep 20, 2026· 61m 21s· 6 players
Game mode
Random Map
Map size
210×210
Population
200
Speed
Normal
Resources
Standard
Victory
Conquest
Starting age
Dark Age
Ending age
Imperial Age
RankedLock teamsTeams togetherTeam positionsShared explorationLock speedFull tech treeHidden civsTurbo modeCheats
Victory
Defeat
🇧🇷 Magyars · Brazil
939
+12
🇧🇷 Huns · Brazil
908
+13
🇧🇷 Cumans · Brazil
809
+33
🇧🇷 Japanese · Brazil
867
-15
🇵🇹 Vikings · Portugal
862
-15
🇬🇧 Hindustanis · United Kingdom
816
-13
Exteme77
2:58 Loom
15:10 Feudal Age
21:04 Castle Age
19:49 Forging
20:51 Double-Bit Axe
25:45 Bow Saw
29:21 Gold Mining
35:49 Imperial Age
33:38 Pikeman
36:11 Iron Casting
40:16 Blast Furnace
42:09 Fletching
43:00 Conscription
42:25 Elite Skirmisher
46:01 Bodkin Arrow
46:12 Horse Collar
47:27 Chieftains
48:19 Scale Mail Armor
49:34 Chain Mail Armor
51:07 Bracer
54:41 Plate Mail Armor
55:37 Padded Archer Armor
57:27 Leather Archer Armor
59:23 Ring Archer Armor
favagrossa1
14:44 Feudal Age
21:05 Castle Age
19:37 Loom
20:02 Fletching
21:51 Pikeman
24:19 Bodkin Arrow
30:43 Horse Collar
36:05 Imperial Age
39:14 Bracer
39:25 Forging
39:21 Heavy Plow
42:59 Double-Bit Axe
46:42 Gold Mining
48:22 Wheelbarrow
49:13 Scale Mail Armor
50:11 Elite Skirmisher
52:52 Hand Cart
56:26 Hand Cart
57:20 Town Watch
58:03 Chain Mail Armor
FSaka
7:20 Loom
14:53 Feudal Age
16:57 Double-Bit Axe
18:41 Wheelbarrow
22:26 Castle Age
21:37 Fishing Lines
23:59 Gillnets
24:26 Bow Saw
28:56 Imperial Age
26:20 Gold Mining
27:03 Gambesons
27:19 Squires
27:58 Gold Shaft Mining
29:18 Forging
29:47 Scale Mail Armor
29:10 Pikeman
30:46 Capped Ram
33:40 Iron Casting
33:20 Chain Mail Armor
36:10 Hand Cart
35:23 Elite Samurai
36:13 Halberdier
37:22 Kataparuto
40:08 Blast Furnace
39:39 Plate Mail Armor
40:29 Town Watch
42:41 Chemistry
44:37 Horse Collar
52:22 Elite Skirmisher
53:08 Thumb Ring
54:19 Padded Archer Armor
54:09 Fletching
55:35 Leather Archer Armor
55:28 Bodkin Arrow
CASAMITO, O GRANDE
3:51 Loom
15:59 Feudal Age
24:31 Castle Age
23:24 Horse Collar
24:12 Double-Bit Axe
25:45 Wheelbarrow
25:34 Fishing Lines
28:18 Gold Mining
28:19 Stone Mining
29:34 Heavy Plow
30:37 Padded Archer Armor
30:27 Fletching
30:44 Scale Barding Armor
30:39 Scale Mail Armor
31:13 Pikeman
31:53 Squires
32:08 Bloodlines
32:48 Thumb Ring
37:02 Forging
36:52 Scale Mail Armor
37:11 Leather Archer Armor
36:51 Bodkin Arrow
37:16 Bow Saw
40:08 Imperial Age
37:56 Hand Cart
37:32 Town Watch
39:11 Steppe Husbandry
42:27 Chemistry
41:47 Ballistics
42:17 Conscription
42:06 Town Patrol
42:29 Cuman Mercenaries
41:52 Elite Kipchak
45:38 Elite Steppe Lancer
54:30 Parthian Tactics
53:48 Heavy Cavalry Archer
60:07 Ring Archer Armor
59:53 Chain Mail Armor
BiG
7:33 Loom
15:59 Feudal Age
25:26 Castle Age
27:19 Fletching
27:30 Padded Archer Armor
29:29 Fishing Lines
31:18 Gold Mining
31:41 Double-Bit Axe
38:17 Leather Archer Armor
44:59 Wheelbarrow
47:39 Bodkin Arrow
54:26 Thumb Ring
59:32 Imperial Age
57:31 Ballistics
60:31 Scale Barding Armor
62:01 Parthian Tactics
Patolino Pistola
3:10 Loom
13:41 Feudal Age
14:58 Wheelbarrow
14:10 Double-Bit Axe
19:25 Fishing Lines
21:48 Castle Age
20:40 Forging
29:23 Gold Mining
30:36 Horse Collar
31:10 Padded Archer Armor
31:00 Fletching
33:38 Hand Cart
36:04 Bloodlines
35:54 Husbandry
39:56 Imperial Age
38:18 Squires
37:38 Pikeman
39:47 Iron Casting
39:18 Scale Barding Armor
40:47 Cavalier
42:58 Blast Furnace
42:18 Chain Barding Armor
43:25 Crossbowman
44:25 Bodkin Arrow
46:27 Bow Saw
46:54 Plate Barding Armor
47:17 Paladin
49:03 Bracer
49:07 Heavy Plow
53:12 Thumb Ring
54:31 Two-Man Saw
57:52 Conscription
Connection lost

Rejoining the realm…

Still unreachable

The connection could not be restored.

Session expired

The server has moved on; the page needs a fresh start.